 Dungeon Crawl Stone Soup version 0.28.0-45-g0d030f2227 (webtiles) character file.

Game seed: 12882595354792250495

91 Labrat the Conjurer (level 4, 0/33 HPs)
             Began as a Demigod Conjurer on Apr 9, 2022.
             Slain by an orc wizard
             ... wielding a +0 dagger
              (2 damage)
             ... on level 3 of the Dungeon.
             The game lasted 00:04:53 (2562 turns).

Labrat the Conjurer (Demigod Conjurer)              Turns: 2562, Time: 00:04:54

Health: 0/33       AC:  3    Str:  8    XL:     4   Next: 12%
Magic:  2/11       EV: 12    Int: 24    God:
Gold:   56         SH:  0    Dex: 12    Spells: 6/9 levels left

rFire   . . .      SeeInvis .   (no weapon)
rCold   . . .      Faith    .   (no shield)
rNeg    . . .      Spirit   .   a - +0 robe
rPois   .          Reflect  .   (no helmet)
rElec   .          Harm     .   (no cloak)
rCorr   .          Rampage  .   (no gloves)
Will    .....                   k - +0 pair of boots
Stlth   ++........              (no amulet)
HPRegen 0.11/turn               (no ring)
MPRegen 0.12/turn               (no ring)

@: no status effects
A: high MP 1, forlorn, divine attributes
a: no special abilities


You were on level 3 of the Dungeon.
You visited 1 branch of the dungeon, and saw 3 of its levels.

You collected 56 gold pieces.

Inventory:

Armour
 a - a +0 robe (worn)
 k - a +0 pair of boots (worn)
Scrolls
 b - a scroll of identify {unknown}
 d - a scroll of noise {unknown}
 f - a scroll of immolation {unknown}
 g - a scroll of fear {unknown}
 h - a scroll of teleportation {unknown}
 i - a scroll of summoning {unknown}
Potions
 c - 4 potions of curing {unknown}
 e - 2 potions of lignification {unknown}
 j - a potion of degeneration {unknown}


   Skills:
 - Level 1.7 Dodging
 - Level 1.7 Stealth
 + Level 3.0 Spellcasting
 + Level 4.5 Conjurations


You had 6 spell levels left.
You knew the following spells:

 Your Spells              Type           Power      Damage    Failure   Level
a - Magic Dart            Conj           100%       1d8       1%          1
b - Searing Ray           Conj           50%        2d6       2%          2

Your spell library contained the following spells:

 Spells                   Type           Power      Damage    Failure   Level
 Dazzling Flash           Conj/Hex       28%        N/A       13%         3
 Fulminant Prism          Conj/Hex       7%         3d7       38%         4
 Iskenderun's Mystic Bla  Conj/Tloc      14%        2d5       38%         4


Dungeon Overview and Level Annotations

Branches:
Dungeon (3/15)


Innate Abilities, Weirdness & Mutations

You have an increased reservoir of magic. (+10% MP)
You shall have no god before yourself.
Your divine heritage dramatically boosts your attributes as you level up.


Message History

You finish channelling your searing ray.
The orc shouts!
Casting: Searing Ray (safe; 2% risk of failure)
Confirm with . or Enter, or press ? or * to list all spells.
Aiming: Searing Ray (safe; 2% risk of failure)
Press: ? - help, Shift-Dir - straight line, f - orc
Aim: an orc, wielding a +0 mace (79% to hit)
The searing ray hits the orc.
You kill the orc! (Press . to maintain the ray.)
Something hits you.
Without enough magic to sustain it, your searing ray dissipates.
Something barely misses you.
You miss something. Something hits you but does no damage.
You barely miss something. Something hits you.
You miss something.
You hear some strange, mumbled words.
A magic dart appears from out of thin air!
The magic dart hits you.
You hit something but do no damage. Something hits you but does no damage.
You miss something. Something hits you.
You barely miss something. Something hits you.
You miss something.
You hear some strange, mumbled words.
A puff of flame appears from out of thin air!
The puff of flame hits you!
You hear some strange, mumbled words.
You are confused.
You bump into the rock wall.
You hear some strange, mumbled words.
A puff of flame appears from out of thin air!
The puff of flame hits you!
* * * LOW HITPOINT WARNING * * *
Something hits you.
* * * LOW HITPOINT WARNING * * *
You're too confused to cast spells.
You bump into the rock wall.
You feel less confused. Something hits you.
You die...

#.....[.# ##.....#
#.###.#.## ##.......
..######.###....####..†.....
.............†.....'........
..######.###....####........
#.# #.#.## ##....... #.#
#.#.# ##.....# #.###.#.#
##...## #...@...# #+##
#####{### ###)#
#.#######......
#.....)).)....#
#########.##..o #


There were no monsters in sight!

Vanquished Creatures
  3 adders (D:2)
  2 worms (D:2)
  2 dart slugs
  4 orcs (D:3)
  A ball python (D:1)
  6 bats
  6 endoplasms
  A giant cockroach (D:1)
  A goblin (D:2)
  4 hobgoblins
  4 jackals (D:2)
  2 kobolds (D:2)
  4 quokkas
  3 frilled lizards
  4 rats
47 creatures vanquished.

Notes
Turn   | Place    | Note
-------+----------+-------------------------------------------
     0 | D:1      | Labrat the Demigod Conjurer began the quest for the Orb.
     0 | D:1      | Reached XP level 1. HP: 14/14 MP: 5/5
   799 | D:2      | Reached XP level 2. HP: 20/20 MP: 5/7
   942 | D:2      | Learned a level 2 spell: Searing Ray
   990 | D:2      | Reached skill level 4 in Conjurations
  1337 | D:2      | Reached XP level 3. HP: 26/26 MP: 4/9
  1857 | D:2      | Identified the +0 scale mail "Abeajimu" {rF+ rN+ Int-3}
  2419 | D:3      | Reached XP level 4. HP: 33/33 MP: 9/11
  2562 | D:3      | Slain by an orc wizard

Illustrated notes

Levels and vault maps discovered:
D:1:      wander_arrival_fairy_ring, layout_loops_ring
D:2:      layout_basic, basic_ecumenical_altar, grunt_ministairs_15
D:3:      layout_loops_corners, chequers_temple_overflow_statue_of_worship,
          chequers_serial_rivers_micro_b

Skill      XL: |  1  2  3  4 |
---------------+-------------+-----
Spellcasting   | 2 3 |  3.0
Conjurations   | 4 |  4.5
Dodging        | |  1.7
Stealth        | |  1.7

Action                   |  1- 3 |  4- 6 || total
-------------------------+-------+-------++-------
Melee: Unarmed           |     7 |     7 ||    14
 Cast: Magic Dart        |    89 |     6 ||    95
       Searing Ray       |     2 |     3 ||     5
Armor: Robe              |     1 |     2 ||     3
Dodge: Dodged            |     8 |     2 ||    10
